 Dungeon Crawl Stone Soup version 0.25.1-2-g60ff931df9 (webtiles) character file.

Game seed: 13369434260101943041

23 DildoBatman the Magician (level 3, -5/24 HPs)
             Began as a Formicid Wizard on Oct 20, 2020.
             Slain by an orc
             ... wielding a +2 falchion of holy wrath
              (7 damage)
             ... on level 1 of the Dungeon.
             The game lasted 00:02:49 (1059 turns).

DildoBatman the Magician (Formicid Wizard)          Turns: 1059, Time: 00:02:51

Health: -5/24      AC:  2    Str: 11    XL:     3   Next: 12%
Magic:  2/7        EV: 12    Int: 18    God:
Gold:   45         SH:  0    Dex:  9    Spells: 7/8 levels left

rFire    . . .     SeeInvis +   a - +0 falchion
rCold    . . .     Gourm    .   (no shield)
rNeg     . . .     Faith    .   f - +0 robe
rPois    .         Spirit   .   (helmet unavailable)
rElec    .         Reflect  .   (no cloak)
rCorr    .         Harm     .   (no gloves)
MR       .....                  (no boots)
Stlth    ++........             (no amulet)
HPRegen  0.08/turn              (no ring)
MPRegen  0.10/turn              (no ring)

@: flying
A: permanent stasis, dig shafts and tunnels, four strong arms, antennae 3
a: Dig, Shaft Self


You were on level 1 of the Dungeon.
You were not hungry.

You visited 1 branch of the dungeon, and saw 2 of its levels.

You collected 45 gold pieces.

Inventory:

Hand Weapons
 a - a +0 falchion (weapon)
 e - a +0 spear
Missiles
 b - 24 stones (quivered)
 i - 33 bolts
Armour
 f - a +0 robe (worn)
Scrolls
 j - a scroll of random uselessness {unknown}
Potions
 c - 2 potions of flight
 g - 2 potions of might {unknown}
 h - 2 potions of cancellation {unknown}
Comestibles
 d - 2 chunks of flesh
 v - a ration


   Skills:
 - Level 1.7 Dodging
 - Level 2.4 Stealth
 - Level 3.2 Spellcasting
 * Level 2.5 Conjurations
   Level 1.0 Summonings
   Level 0.8 Translocations


You had 7 spell levels left.
You knew the following spells:

 Your Spells              Type           Power        Failure   Level  Hunger
c - Magic Dart            Conj           ##..         5%          1    None

Your spell library contained the following spells:

 Spells                   Type           Power        Failure   Level  Hunger
 Call Imp                 Summ           #.......     16%         2    ##.....
 Slow                     Hex            #.......     24%         2    ##.....
 Conjure Flame            Conj/Fire      #.......     28%         3    ###....
 Mephitic Cloud           Conj/Pois/Air  #.......     32%         3    ###....
 Blink                    Tloc           Unusable     N/A         2    N/A

Dungeon Overview and Level Annotations

Branches:
Dungeon (2/15)

Altars:
Okawaru


Innate Abilities, Weirdness & Mutations

You cannot be hasted, slowed, berserked, paralysed or teleported.
You can dig through walls and to a lower floor.
Your four strong arms can wield two-handed weapons with a shield.
You have a pair of large antennae on your head. (SInv)


Message History

You feel very buoyant.
You fly up into the air.
The orc hits you with a +2 falchion of holy wrath.
Casting: Magic Dart (safe; 5% risk of failure)
Confirm with . or Enter, or press ? or * to list all spells.
Aiming: Magic Dart (safe; 5% risk of failure)
Press: ? - help, Shift-Dir - straight line, f/p - orc
Aim: an orc, wielding a +2 falchion of holy wrath and wearing a +0 ring mail (almost dead)
The magic dart hits the orc but does no damage.
The orc is almost dead.
The orc barely misses you.
Casting: Magic Dart (safe; 5% risk of failure)
Confirm with . or Enter, or press ? or * to list all spells.
Aiming: Magic Dart (safe; 5% risk of failure)
Press: ? - help, Shift-Dir - straight line, f/p - orc
Aim: an orc, wielding a +2 falchion of holy wrath and wearing a +0 ring mail (severely wounded)
The magic dart hits the orc but does no damage.
The orc is severely wounded.
The orc hits you with a +2 falchion of holy wrath!
You die...

.#......#.#############.#.# ####.
........#....#### #)#.# #..÷.
................# #.#.# #.##.
.........###.##.#######.#.###.##.
.#...##.........#......)#.....###
.##..##.....##[.#.#.###########
.#=..##.....##....#.......#
....###.....##.####.#.....#
...####.....##..@o........#
...#........#########.....#
.#.#.#[.....# #.[...#
.#...#.÷....# #...).#
######......# #.....# ###
#)#'#### ##'#### ..# #.#.# #.#
#.# #.#.# #.# #.####.#.# #.#####


You could see an orc.

Vanquished Creatures
  A dart slug (D:1)
  A leopard gecko (D:1)
  An orc (D:2)
  6 goblins (D:1)
  2 hobgoblins (D:1)
  3 kobolds (D:1)
  A bat (D:1)
  4 rats
19 creatures vanquished.

Notes
Turn   | Place    | Note
-------+----------+-------------------------------------------
     0 | D:1      | DildoBatman the Formicid Wizard began the quest for the
                  | Orb.
     0 | D:1      | Reached XP level 1. HP: 13/13 MP: 4/4
    24 | D:1      | Reached skill level 1 in Conjurations
   153 | D:1      | Found an iron altar of Okawaru.
   201 | D:1      | Reached XP level 2. HP: 19/19 MP: 0/6
   946 | D:2      | Reached XP level 3. HP: 21/24 MP: 1/7
  1033 | D:1      | HP: 1/24 [orc/+2 falchion of holy wrath (5)]
  1059 | D:1      | Slain by an orc

Illustrated notes

Levels and vault maps discovered:
D:1:      psy_arrival_conway, layout_basic, okawaru_ov_weapons_minmay
D:2:      layout_rooms, kennysheep_generic_room_9

Skill      XL: |  1  2 |
---------------+-------+-----
Conjurations   | 1 2 |  2.5
Dodging        | |  1.7
Stealth        | |  2.4
Spellcasting   | |  3.2
Summonings     | |  1.0
Translocations | |  0.8

Action                   || total
-------------------------++-------
Melee: Falchion          ||    18
 Cast: Magic Dart        ||    31
 Abil: Dig               ||     1
  Use: Potion            ||     1
 Stab: Sleeping          ||     3
Armor: Robe              ||     5
Dodge: Dodged            ||    24
       Rpst.: Falchion   ||     5
